TOP OF THE 1ST |
Tulsa Drillers batting - Pitching for Colorado (EL) Rockies : RHP Iehohs Inatho
|
Pitching: RHP Iehohs Inatho
|
|
Batting: RHB Josh Crenwelge
|
0-0: Ball 1-0: Swinging Strike 1-1: Ball 2-1: Ball 3-1: Called Strike 3-2: Strikes out looking
|
Batting: SHB Nate Kopchak
|
0-0: Ball 1-0: Ball 2-0: Ground out 4-3 (Groundball, 34, EV 108.1 MPH)
|
Batting: LHB Kevin Wiebe
|
0-0: Ball 1-0: Foul Ball, location: 2F 1-1: Foul Ball, location: 2F 1-2: Ground out 4-3 (Groundball, 4, EV 97.5 MPH)
|
Top of the 1st over - 0 runs, 0 hits, 0 errors, 0 left on base; Tulsa 0 - Colorado (EL) 0 |
BOTTOM OF THE 1ST |
Colorado (EL) Rockies batting - Pitching for Tulsa Drillers : LHP Jonathan Daniels
|
Pitching: LHP Jonathan Daniels
|
|
Batting: RHB Juan Figueroa
|
0-0: Foul Ball, location: 2F 0-1: Ball 1-1: Swinging Strike 1-2: Foul Ball, location: 2F 1-2: Foul Ball, location: 2F 1-2: Strikes out looking
|
Batting: LHB Nick Martin
|
0-0: Ball 1-0: Fly out, F8 (Line Drive, 8LM, EV 86.2 MPH)
|
Batting: RHB Chris Osting
|
0-0: Ball 1-0: Foul Ball, location: 2F 1-1: Swinging Strike 1-2: Foul Ball, location: 2F 1-2: Ball 2-2: Ball 3-2: Foul Ball, location: 2F 3-2: Base on Balls
|
Batting: RHB Ray Insley
|
0-0: Swinging Strike 0-1: Fielders Choice at 2nd, 5-4 (Groundball, 56, EV 103.8 MPH)
|
Bottom of the 1st over - 0 runs, 0 hits, 0 errors, 1 left on base; Tulsa 0 - Colorado (EL) 0 |
TOP OF THE 2ND |
Tulsa Drillers batting - Pitching for Colorado (EL) Rockies : RHP Iehohs Inatho
|
Batting: LHB Chris Buchan
|
0-0: SINGLE (Groundball, 34, EV 95.0 MPH)
|
Batting: SHB Justin Toth
|
0-0: Called Strike 0-1: Called Strike 0-2: Strikes out swinging
|
Batting: RHB Marcos Villalobos
|
0-0: Ball 1-0: Ball 2-0: Grounds into double play, 5-4-3 (Groundball, 56, EV 88.1 MPH)
|
Top of the 2nd over - 0 runs, 1 hit, 0 errors, 0 left on base; Tulsa 0 - Colorado (EL) 0 |
BOTTOM OF THE 2ND |
Colorado (EL) Rockies batting - Pitching for Tulsa Drillers : LHP Jonathan Daniels
|
Batting: RHB Matviy Oliynyk
|
0-0: Called Strike 0-1: Ground out 6-3 (Groundball, 6, EV 101.9 MPH)
|
Batting: LHB Paul McClintock
|
0-0: Ball 1-0: Fly out, F8 (Flyball, 8RS, EV 85.0 MPH)
|
Batting: RHB Chris Kinder
|
0-0: Called Strike 0-1: Ball 1-1: Ball 2-1: Ball 3-1: Called Strike 3-2: Foul Ball, location: 2F 3-2: Strikes out swinging
|
Bottom of the 2nd over - 0 runs, 0 hits, 0 errors, 0 left on base; Tulsa 0 - Colorado (EL) 0 |
TOP OF THE 3RD |
Tulsa Drillers batting - Pitching for Colorado (EL) Rockies : RHP Iehohs Inatho
|
Batting: RHB Aaron Burress
|
0-0: Ball 1-0: Ground out 6-3 (Groundball, 6, EV 80.0 MPH)
|
Batting: RHB Tony Rivera
|
0-0: Called Strike 0-1: Ball 1-1: Ball 2-1: Fly out, F9 (Flyball, 9, EV 90.0 MPH)
|
Batting: RHB Kyle Garrett
|
0-0: Called Strike 0-1: SINGLE (Groundball, 34D, EV 106.2 MPH)
|
Batting: RHB Josh Crenwelge
|
0-0: Ball 1-0: Ball 2-0: Ball 3-0: Called Strike 3-1: Called Strike 3-2: Foul Ball, location: 2F 3-2: Foul Ball, location: 2F 3-2: Foul Ball, location: 2F 3-2: Base on Balls Kyle Garrett to second
|
Batting: SHB Nate Kopchak
|
0-0: Ball 1-0: Ball 2-0: Ball 3-0: Base on Balls Kyle Garrett to third Josh Crenwelge to second
|
Batting: LHB Kevin Wiebe
|
0-0: Foul Ball, location: 2F 0-1: Foul Ball, location: 2F 0-2: Ball 1-2: Ball 2-2: Ball 3-2: Ground out 3-1 (Groundball, 34S, EV 83.8 MPH)
|
Top of the 3rd over - 0 runs, 1 hit, 0 errors, 3 left on base; Tulsa 0 - Colorado (EL) 0 |
BOTTOM OF THE 3RD |
Colorado (EL) Rockies batting - Pitching for Tulsa Drillers : LHP Jonathan Daniels
|
Batting: LHB Iehohs Inatho
|
0-0: Ball 1-0: Foul Ball, location: 2F 1-1: Foul Ball, location: 2F 1-2: Strikes out swinging
|
Batting: RHB Pei Xie
|
0-0: Ball 1-0: Ball 2-0: Foul Ball, location: 2F 2-1: Swinging Strike 2-2: Strikes out swinging
|
Batting: RHB Juan Figueroa
|
0-0: Foul Ball, location: 2F 0-1: Swinging Strike 0-2: Ball 1-2: Ground out 6-3 (Groundball, 6, EV 78.1 MPH)
|
Bottom of the 3rd over - 0 runs, 0 hits, 0 errors, 0 left on base; Tulsa 0 - Colorado (EL) 0 |
TOP OF THE 4TH |
Tulsa Drillers batting - Pitching for Colorado (EL) Rockies : RHP Iehohs Inatho
|
Batting: LHB Chris Buchan
|
0-0: Ball 1-0: Called Strike 1-1: Swinging Strike 1-2: Ball 2-2: Ground out 6-3 (Groundball, 4, EV 82.5 MPH)
|
Batting: SHB Justin Toth
|
0-0: Ball 1-0: Ground out U3 (Groundball, 34, EV 100.6 MPH)
|
Batting: RHB Marcos Villalobos
|
0-0: Foul Ball, location: 2F 0-1: Ball 1-1: Foul Ball, location: 2F 1-2: Ball 2-2: Foul Ball, location: 2F 2-2: Ball 3-2: Base on Balls
|
Batting: RHB Aaron Burress
|
0-0: Foul Ball, location: 2F 0-1: Foul Ball, location: 2F 0-2: Ball 1-2: Strikes out swinging
|
Top of the 4th over - 0 runs, 0 hits, 0 errors, 1 left on base; Tulsa 0 - Colorado (EL) 0 |
BOTTOM OF THE 4TH |
Colorado (EL) Rockies batting - Pitching for Tulsa Drillers : LHP Jonathan Daniels
|
Batting: LHB Nick Martin
|
0-0: Bunt missed! 0-1: Ground out 4-3 (Groundball, 4, EV 101.9 MPH)
|
Batting: RHB Chris Osting
|
0-0: Ball 1-0: Ball 2-0: Ground out 6-3 (Groundball, 6, EV 91.9 MPH)
|
Batting: RHB Ray Insley
|
0-0: Ground out 5-3 (Groundball, 56, EV 79.4 MPH)
|
Bottom of the 4th over - 0 runs, 0 hits, 0 errors, 0 left on base; Tulsa 0 - Colorado (EL) 0 |
TOP OF THE 5TH |
Tulsa Drillers batting - Pitching for Colorado (EL) Rockies : RHP Iehohs Inatho
|
Batting: RHB Tony Rivera
|
0-0: Called Strike 0-1: Swinging Strike 0-2: Ground out 6-3 (Groundball, 6S, EV 81.2 MPH)
|
Batting: RHB Kyle Garrett
|
0-0: Swinging Strike 0-1: Foul Ball, location: 2F 0-2: Ball 1-2: Strikes out swinging
|
Batting: RHB Josh Crenwelge
|
0-0: Called Strike 0-1: Foul Ball, location: 2F 0-2: SINGLE (Groundball, 6MD, EV 94.4 MPH)
|
Batting: SHB Nate Kopchak
|
0-0: Foul Ball, location: 2F 0-1: Swinging Strike 0-2: Ball 1-2: Ball 2-2: Strikes out swinging
|
Top of the 5th over - 0 runs, 1 hit, 0 errors, 1 left on base; Tulsa 0 - Colorado (EL) 0 |
BOTTOM OF THE 5TH |
Colorado (EL) Rockies batting - Pitching for Tulsa Drillers : LHP Jonathan Daniels
|
Batting: RHB Matviy Oliynyk
|
0-0: Foul Ball, location: 2F 0-1: Foul Ball, location: 2F 0-2: Strikes out swinging
|
Batting: LHB Paul McClintock
|
0-0: Ball 1-0: SINGLE (Line Drive, 56D, EV 94.4 MPH)
|
Batting: RHB Chris Kinder
|
0-0: Ball 1-0: Ball 2-0: 2-RUN HOME RUN (Flyball, 78XD, EV 96.9 MPH), Distance : 386 ft
|
Batting: LHB Iehohs Inatho
|
0-0: Called Strike 0-1: Ball 1-1: Fly out, F7 (Flyball, 78D, EV 105.0 MPH)
|
Batting: RHB Pei Xie
|
0-0: Foul Ball, location: 2F 0-1: Called Strike 0-2: Strikes out looking
|
Bottom of the 5th over - 2 runs, 2 hits, 0 errors, 0 left on base; Tulsa 0 - Colorado (EL) 2 |
TOP OF THE 6TH |
Tulsa Drillers batting - Pitching for Colorado (EL) Rockies : RHP Iehohs Inatho
|
Batting: LHB Kevin Wiebe
|
0-0: Swinging Strike 0-1: Fly out, F8 (Flyball, 8LD, EV 99.4 MPH)
|
Batting: LHB Chris Buchan
|
0-0: Called Strike 0-1: Ball 1-1: Ball 2-1: Ball 3-1: Ground out 6-3 (Groundball, 4S, EV 76.2 MPH)
|
Batting: SHB Justin Toth
|
0-0: Ball 1-0: Ball 2-0: Called Strike 2-1: Reached on error, E6 (Groundball, P, EV 85.0 MPH)
|
Pitching: RHP Michael Conrad
|
|
Batting: RHB Marcos Villalobos
|
0-0: Ball 1-0: Ball 2-0: Ball 3-0: Base on Balls Justin Toth to second
|
Batting: RHB Aaron Burress
|
0-0: Ball 1-0: Called Strike 1-1: Ball 2-1: Foul Ball, location: 2F 2-2: Foul Ball, location: 2F 2-2: Foul Ball, location: 2F 2-2: Foul Ball, location: 2F 2-2: SINGLE (Groundball, 56D, EV 99.4 MPH) Justin Toth to third Marcos Villalobos to second Runner from 3rd tries for Home, SAFE, throw by LF to home
|
Batting: RHB Tony Rivera
|
0-0: Ball 1-0: Ball 2-0: Ball 3-0: Base on Balls Marcos Villalobos to third Aaron Burress to second
|
Batting: RHB Kyle Garrett
|
0-0: Ball 1-0: Foul Ball, location: 2F 1-1: Ball 2-1: Ball 3-1: Base on Balls Marcos Villalobos scores Aaron Burress to third Tony Rivera to second
|
Batting: RHB Josh Crenwelge
|
0-0: Swinging Strike 0-1: Foul Ball, location: 2F 0-2: Ball 1-2: Ball 2-2: Foul Ball, location: 2F 2-2: Foul Ball, location: 2F 2-2: Ball 3-2: Ground out 1-3 (Groundball, 23, EV 73.8 MPH)
|
Top of the 6th over - 2 runs, 1 hit, 1 error, 3 left on base; Tulsa 2 - Colorado (EL) 2 |
BOTTOM OF THE 6TH |
Colorado (EL) Rockies batting - Pitching for Tulsa Drillers : LHP Jonathan Daniels
|
Batting: RHB Juan Figueroa
|
0-0: Foul Ball, location: 2F 0-1: Foul Ball, location: 2F 0-2: Ball 1-2: Foul Ball, location: 2F 1-2: SINGLE (Line Drive, 9S, EV 102.5 MPH)
|
Batting: LHB Nick Martin
|
0-0: Called Strike 0-1: Called Strike 0-2: Strikes out swinging
|
Batting: RHB Chris Osting
|
0-0: Called Strike Juan Figueroa steals 2nd base 0-1: Ball 1-1: Foul Ball, location: 2F 1-2: SINGLE (Groundball, 6D, EV 100.0 MPH) Juan Figueroa to third
|
Batting: RHB Ray Insley
|
0-0: Called Strike 0-1: Foul Ball, location: 2F 0-2: Fly out, F9 (Flyball, 9LM, EV 93.8 MPH) Runner from 3rd tags up, OUT at HOME! 9-2
|
Bottom of the 6th over - 0 runs, 2 hits, 0 errors, 1 left on base; Tulsa 2 - Colorado (EL) 2 |
TOP OF THE 7TH |
Tulsa Drillers batting - Pitching for Colorado (EL) Rockies : RHP Michael Conrad
|
Batting: SHB Nate Kopchak
|
0-0: Called Strike 0-1: Ball 1-1: Ball 2-1: Ball 3-1: Called Strike 3-2: DOUBLE (Line Drive, 8RXD, EV 96.9 MPH)
|
Batting: LHB Kevin Wiebe
|
0-0: Foul Ball, location: 2F 0-1: Called Strike 0-2: Ball 1-2: Ball 2-2: Foul Ball, location: 2F 2-2: Foul Ball, location: 2F 2-2: Ball 3-2: Foul Ball, location: 2F 3-2: SINGLE (Groundball, 6D, EV 106.9 MPH) Nate Kopchak to third Runner from 3rd tries for Home, SAFE, throw by CF to home
|
Pitching: LHP Kyle Mearkle
|
|
Batting: LHB Chris Buchan
|
0-0: Called Strike 0-1: Ball 1-1: Foul Ball, location: 2F 1-2: Ground out 6-3 (Groundball, 4, EV 88.8 MPH) Kevin Wiebe to second
|
Batting: SHB Justin Toth
|
0-0: Ball 1-0: Ball 2-0: Fly out, F8 (Flyball, 8LD, EV 91.2 MPH)
|
Batting: RHB Marcos Villalobos
|
0-0: Ball 1-0: Foul Ball, location: 2F 1-1: Ball 2-1: Ball 3-1: Base on Balls
|
Batting: RHB Aaron Burress
|
0-0: Ball 1-0: Foul Ball, location: 2F 1-1: Ball 2-1: Ball 3-1: DOUBLE (Flyball, 89D, EV 92.5 MPH) Kevin Wiebe scores Marcos Villalobos to third Runner from 3rd tries for Home, throw by RF and OUT! 9-4-2
|
Top of the 7th over - 2 runs, 3 hits, 0 errors, 1 left on base; Tulsa 4 - Colorado (EL) 2 |
BOTTOM OF THE 7TH |
Colorado (EL) Rockies batting - Pitching for Tulsa Drillers : LHP Jonathan Daniels
|
Batting: RHB Matviy Oliynyk
|
0-0: Called Strike 0-1: Swinging Strike 0-2: Strikes out swinging
|
Pitching: LHP William Lobo
|
|
Batting: LHB Paul McClintock
|
0-0: Called Strike 0-1: Ball 1-1: Ground out 4-3 (Groundball, 4S, EV 90.6 MPH)
|
Batting: RHB Chris Kinder
|
0-0: Called Strike 0-1: Ball 1-1: Ground out 6-3 (Groundball, 6, EV 89.4 MPH)
|
Bottom of the 7th over - 0 runs, 0 hits, 0 errors, 0 left on base; Tulsa 4 - Colorado (EL) 2 |
TOP OF THE 8TH |
Tulsa Drillers batting - Pitching for Colorado (EL) Rockies : LHP Kyle Mearkle
|
Batting: RHB Tony Rivera
|
0-0: Called Strike 0-1: Foul Ball, location: 2F 0-2: Foul Ball, location: 2F 0-2: Strikes out swinging
|
Batting: RHB Kyle Garrett
|
0-0: Ground out 6-3 (Groundball, 56, EV 103.1 MPH)
|
Batting: RHB Josh Crenwelge
|
0-0: Ball 1-0: Foul Ball, location: 2F 1-1: Foul Ball, location: 2F 1-2: Ball 2-2: Ground out 6-3 (Groundball, 6, EV 88.8 MPH)
|
Top of the 8th over - 0 runs, 0 hits, 0 errors, 0 left on base; Tulsa 4 - Colorado (EL) 2 |
BOTTOM OF THE 8TH |
Colorado (EL) Rockies batting - Pitching for Tulsa Drillers : LHP William Lobo
|
Batting: LHB Iehohs Inatho
|
0-0: Fly out, F9 (Flyball, 9LSF, EV 93.1 MPH)
|
Batting: RHB Pei Xie
|
0-0: Called Strike 0-1: Foul Ball, location: 2F 0-2: Ball 1-2: Foul Ball, location: 2F 1-2: Strikes out swinging
|
Batting: RHB Juan Figueroa
|
0-0: Swinging Strike 0-1: Fly out, F7 (Flyball, 7D, EV 78.8 MPH)
|
Bottom of the 8th over - 0 runs, 0 hits, 0 errors, 0 left on base; Tulsa 4 - Colorado (EL) 2 |
TOP OF THE 9TH |
Tulsa Drillers batting - Pitching for Colorado (EL) Rockies : LHP Kyle Mearkle
|
Pitching: LHP Jared Lummus
|
|
Batting: SHB Nate Kopchak
|
0-0: Called Strike 0-1: Foul Ball, location: 2F 0-2: Ball 1-2: Ground out 1-3 (Groundball, 13, EV 73.8 MPH)
|
Batting: LHB Kevin Wiebe
|
0-0: Swinging Strike 0-1: Ball 1-1: Swinging Strike 1-2: Ball 2-2: Strikes out swinging
|
Batting: LHB Chris Buchan
|
0-0: Ground out 6-3 (Groundball, 4M, EV 108.1 MPH)
|
Top of the 9th over - 0 runs, 0 hits, 0 errors, 0 left on base; Tulsa 4 - Colorado (EL) 2 |
BOTTOM OF THE 9TH |
Colorado (EL) Rockies batting - Pitching for Tulsa Drillers : LHP William Lobo
|
Pitching: RHP Etsuji Kawasaki
|
|
Batting: LHB Nick Martin
|
0-0: Called Strike 0-1: Foul Ball, location: 2F 0-2: Ball 1-2: Reached on error, E4 (Groundball, 34D, EV 107.5 MPH)
|
Batting: RHB Chris Osting
|
0-0: Ball 1-0: Ball 2-0: Ball 3-0: Called Strike 3-1: Base on Balls
|
Batting: RHB Ray Insley
|
0-0: SINGLE (Flyball, 3D, EV 89.4 MPH) Nick Martin to third Chris Osting to second
|
Batting: RHB Matviy Oliynyk
|
0-0: Ball 1-0: SINGLE (Groundball, 6M, EV 88.8 MPH) (infield hit) Nick Martin scores Chris Osting to third Ray Insley to second
|
Batting: LHB Paul McClintock
|
0-0: SINGLE (Groundball, 34D, EV 96.2 MPH) Chris Osting scores Ray Insley to third Matviy Oliynyk to second
|
Pinch Hitting: LHB Daniel Green
|
0-0: Ball 1-0: Ball 2-0: Ball 3-0: Base on Balls Ray Insley scores Matviy Oliynyk to third Paul McClintock to second
|
Bottom of the 9th over - 3 runs, 3 hits, 1 error, 3 left on base; Tulsa 4 - Colorado (EL) 5 |
|